 Dungeon Crawl Stone Soup version 0.30.0-20-g3615ddf2f0 (webtiles) character file.

Game seed: 3588006572407330190

223 qw the Chopper (level 6, -1/38 HPs)
             Began as a Gargoyle Fighter on May 29, 2023.
             Slain by a gnoll
             ... wielding a +0 halberd
             ... led by a gnoll sergeant
              (12 damage)
             ... on level 4 of the Dungeon.
             The game lasted 00:01:46 (3329 turns).

qw the Chopper (Gargoyle Fighter)                   Turns: 3329, Time: 00:01:47

Health: -1/38      AC: 13    Str: 22    XL:     6   Next: 0%
Magic:  6/6        EV:  9    Int:  8    God:
Gold:   228        SH:  4    Dex:  9    Spells: 5/5 levels left

rFire   . . .        Y - +0 war axe (freeze)
rCold   . . .        c - +0 buckler
rNeg    + . .        b - +0 scale mail
rPois   inf          (no helmet)
rElec   +            f - +0 cloak
rCorr   .            (no gloves)
SInv    .            n - +0 pair of boots
Will    .....        k - amulet of the acrobat Stlth
                     (no ring)
HPRegen 0.26/turn    (no ring)
MPRegen 0.10/turn

%: acrobat
@: no status effects
A: sickness immunity, AC +4, negative energy resistance 1, electricity
resistance, torment resistance 1, petrification resistance
a: no special abilities


You were on level 4 of the Dungeon.
You visited 1 branch of the dungeon, and saw 4 of its levels.

You collected 228 gold pieces.


Innate Abilities, Weirdness & Mutations

You are immune to sickness and miasma.
Your stone body is resilient. (AC +4)
You are immune to poison.
You resist negative energy. (rN+)
You are resistant to electric shocks. (rElec)
You are resistant to unholy torment.
You are immune to petrification.


   Skills:
 - Level 4.1 Fighting
 - Level 5.0 Axes
 - Level 3.2 Armour
 + Level 0.0 Dodging
 - Level 3.2 Shields


You had 5 spell levels left.
You didn't know any spells.
Your spell library was empty.

Inventory:

Hand Weapons
 a - a +2 whip of draining
 Y - a +0 war axe of freezing (weapon)
Armour
 b - a +0 scale mail (worn)
 c - a +0 buckler (worn)
 e - a +0 chain mail
 f - a +0 cloak (worn)
 n - a +0 pair of boots (worn)
Jewellery
 k - an amulet of the acrobat (around neck)
Wands
 p - a wand of digging (3)
Scrolls
 o - a scroll of identify
Potions
 d - a potion of might
 g - a potion of lignification {unknown}
 h - a potion of ambrosia {unknown}
 i - a potion of attraction {unknown}
 j - a potion of heal wounds {unknown}
 l - a potion of degeneration {unknown}
 m - a potion of mutation {unknown}
 q - a potion of magic {unknown}

Dungeon Overview and Level Annotations

Branches:
Dungeon (4/15)
 Temple: D:4-7

Altars:
Trog


Message History

The gnoll sergeant shouts!
The gnoll shouts! x4
Found 22 gold pieces.
Enter note:
Enter note:
Enter note:
Enter note:
Enter note:
Enter note:
Enter note:
Enter note:
Enter note:
Enter note:
Enter note:
Enter note:
Enter note:
Enter note:
Enter note:
Enter note:
Enter note:
Enter note:
Enter note:
Enter note:
Enter note:
Enter note:
Enter note:
Enter note:
Enter note:
Enter note:
Enter note: You barely miss the gnoll.
The gnoll sergeant hits you from afar with a +0 spear.
The gnoll barely misses you. The gnoll hits you with a +0 whip.
The gnoll sergeant hits you from afar with a +0 spear!
The gnoll hits you but does no damage. You block the gnoll's attack.
The gnoll hits you from afar with a +0 halberd!
You slash the gnoll! You freeze the gnoll.
You kill the gnoll!
The gnoll sergeant hits you from afar with a +0 spear.
The gnoll hits you from afar with a +0 halberd!
You die...

...............#.............#
...............#.............#
...............#......#########
...............#......#.......#
.........~~~~~~~~~....#.......#
.........~##~~~##~#####.......#
#########~#######~....#.......#
.........~~#.gg#~~....#.......#
.........~~#$gg)@.....#.......#
.........~~#..g#~~....'.......#
#######..~#######~###+#.......#
......#..~##~~~##~.....)......#
......#..~~~~~~~~~............#
......#....#..................#
......#....# .................#
...)..#....# .................#
....).#'#### ................#


You could see a gnoll sergeant and 4 gnolls.

Vanquished Creatures
  2 orc priests (D:4)
  Jessica (D:3)
  An orc wizard (D:4)
  A gnoll (D:4)
  4 adders
  2 ufetubi
  An orc (D:4)
  9 endoplasms
  4 giant cockroaches
  4 hobgoblins
  4 quokkas
  10 ball pythons
  7 bats
  2 frilled lizards
  7 goblins
  8 kobolds
  2 rats (D:1)
69 creatures vanquished.

Notes
Turn   | Place    | Note
-------+----------+-------------------------------------------
     0 | D:1      | qw the Gargoyle Fighter began the quest for the Orb.
     0 | D:1      | Reached XP level 1. HP: 14/14 MP: 1/1
     0 | D:1      | 0 ||| qw: Version: 0.2-a-102-g2b76a06
     0 | D:1      | 0 ||| qw: Game counter: 403
     0 | D:1      | 0 ||| qw: Always use a shield: true
     0 | D:1      | 0 ||| qw: God list: Okawaru
     0 | D:1      | 0 ||| qw: Allow faded altars: false
     0 | D:1      | 0 ||| qw: Do Orc after D:15 true
     0 | D:1      | 0 ||| qw: Do second Lair branch before Depths: true
     0 | D:1      | 0 ||| qw: Lair rune preference: random
     0 | D:1      | 0 ||| qw: Plans: Normal, Zot:1-4, Slime:5, God:TSO, Crypt,
                  | Tomb, Pan, Hells, Abyss, Win
     0 | D:1      | 0 ||| PLANNING D:1-11
    16 | D:1      | Reached skill level 2 in Axes
    52 | D:1      | Reached XP level 2. HP: 13/19 MP: 2/2
   354 | D:1      | Reached skill level 3 in Axes
   379 | D:1      | You fall into a shaft and drop 1 floor!
   380 | D:2      | 380 ||| READING scroll labelled QUFOCZ RECWAET.
   381 | D:2      | 381 ||| READING scroll labelled JUL JU TASS.
   392 | D:2      | Reached XP level 3. HP: 18/23 MP: 3/3
   413 | D:2      | 413 ||| Stepping ~*~*~tactically~*~*~ (stealth).
   425 | D:2      | 425 ||| STAIRDANCE
   429 | D:2      | 429 ||| STAIRDANCE
   431 | D:2      | 431 ||| STAIRDANCE
   435 | D:2      | 435 ||| STAIRDANCE
   439 | D:2      | 439 ||| STAIRDANCE
   443 | D:2      | 443 ||| STAIRDANCE
   447 | D:2      | 447 ||| STAIRDANCE
   451 | D:2      | 451 ||| STAIRDANCE
   455 | D:2      | 455 ||| STAIRDANCE
   459 | D:2      | 459 ||| STAIRDANCE
   463 | D:2      | 463 ||| STAIRDANCE
   467 | D:2      | 467 ||| STAIRDANCE
   471 | D:2      | 471 ||| STAIRDANCE
   475 | D:2      | 475 ||| STAIRDANCE
   479 | D:2      | 479 ||| STAIRDANCE
   483 | D:2      | 483 ||| STAIRDANCE
   487 | D:2      | 487 ||| STAIRDANCE
   491 | D:2      | 491 ||| STAIRDANCE
   495 | D:2      | 495 ||| STAIRDANCE
   499 | D:2      | 499 ||| STAIRDANCE
   975 | D:1      | 975 ||| DROPPING ring of magical power.
   976 | D:1      | 976 ||| READING scroll labelled CYCHYCOPRE.
  1288 | D:2      | 1288 ||| Stepping ~*~*~tactically~*~*~ (hiding).
  1531 | D:2      | 1531 ||| READING scroll labelled WATIPPYDIT.
  1536 | D:2      | 1536 ||| READING scroll labelled HELIUF HYASIO.
  1537 | D:2      | 1537 ||| READING scroll labelled GONIAR DISAAVU.
  1538 | D:2      | 1538 ||| READING 3 scrolls labelled TAECVA CUWKA.
  1539 | D:2      | 1539 ||| DROPPING 2 scrolls of fog.
  1553 | D:3      | Reached XP level 4. HP: 28/28 MP: 4/4
  1567 | D:3      | Reached skill level 4 in Axes
  1571 | D:3      | 1571 ||| DROPPING +0 club.
  1735 | D:3      | 1735 ||| Stepping ~*~*~tactically~*~*~ (hiding).
  1736 | D:3      | 1736 ||| Stepping ~*~*~tactically~*~*~ (hiding).
  1737 | D:3      | 1737 ||| Stepping ~*~*~tactically~*~*~ (hiding).
  1772 | D:3      | Noticed Jessica
  1774 | D:3      | 1774 ||| Stepping ~*~*~tactically~*~*~ (hiding).
  1775 | D:3      | 1775 ||| Stepping ~*~*~tactically~*~*~ (hiding).
  1782 | D:3      | 1782 ||| Stepping ~*~*~tactically~*~*~ (hiding).
  1790 | D:3      | 1790 ||| Stepping ~*~*~tactically~*~*~ (hiding).
  1793 | D:3      | 1793 ||| Stepping ~*~*~tactically~*~*~ (hiding).
  1797 | D:3      | Killed Jessica
  2053 | D:3      | Found a bloodstained altar of Trog.
  2137 | D:3      | Reached XP level 5. HP: 28/32 MP: 5/5
  2235 | D:3      | 2235 ||| UPGRADING to +0 cloak.
  2240 | D:3      | 2240 ||| UPGRADING to amulet of the acrobat.
  2245 | D:3      | 2245 ||| READING scroll labelled YSIUSO XESUAR.
  2246 | D:3      | 2246 ||| READING scroll labelled TEBOOBRUBOU.
  2965 | D:4      | 2965 ||| FLEEEEING.
  2966 | D:4      | 2966 ||| FLEEEEING.
  2967 | D:4      | 2967 ||| FLEEEEING.
  2970 | D:4      | 2970 ||| FLEEEEING.
  2971 | D:4      | 2971 ||| FLEEEEING.
  2972 | D:4      | 2972 ||| FLEEEEING.
  2977 | D:4      | 2977 ||| FLEEEEING.
  2978 | D:4      | 2978 ||| FLEEEEING.
  2979 | D:4      | 2979 ||| FLEEEEING.
  2980 | D:4      | 2980 ||| FLEEEEING.
  2981 | D:4      | 2981 ||| FLEEEEING.
  2982 | D:4      | 2982 ||| FLEEEEING.
  2983 | D:4      | 2983 ||| FLEEEEING.
  2984 | D:4      | 2984 ||| FLEEEEING.
  2985 | D:4      | 2985 ||| FLEEEEING.
  2986 | D:4      | 2986 ||| FLEEEEING.
  2987 | D:4      | 2987 ||| FLEEEEING.
  2990 | D:4      | 2990 ||| FLEEEEING.
  2991 | D:4      | 2991 ||| FLEEEEING.
  2992 | D:4      | 2992 ||| FLEEEEING.
  2993 | D:4      | 2993 ||| FLEEEEING.
  2994 | D:4      | 2994 ||| FLEEEEING.
  2995 | D:4      | 2995 ||| FLEEEEING.
  2996 | D:4      | 2996 ||| FLEEEEING.
  2999 | D:4      | 2999 ||| FLEEEEING.
  3000 | D:4      | 3000 ||| FLEEEEING.
  3001 | D:4      | 3001 ||| FLEEEEING.
  3002 | D:4      | 3002 ||| FLEEEEING.
  3003 | D:4      | 3003 ||| FLEEEEING.
  3004 | D:4      | 3004 ||| FLEEEEING.
  3005 | D:4      | 3005 ||| FLEEEEING.
  3007 | D:4      | 3007 ||| FLEEEEING.
  3009 | D:4      | 3009 ||| FLEEEEING.
  3010 | D:4      | 3010 ||| FLEEEEING.
  3011 | D:4      | 3011 ||| FLEEEEING.
  3012 | D:4      | 3012 ||| FLEEEEING.
  3013 | D:4      | 3013 ||| FLEEEEING.
  3014 | D:4      | 3014 ||| FLEEEEING.
  3015 | D:4      | 3015 ||| FLEEEEING.
  3016 | D:4      | 3016 ||| FLEEEEING.
  3017 | D:4      | 3017 ||| FLEEEEING.
  3018 | D:4      | 3018 ||| FLEEEEING.
  3019 | D:4      | 3019 ||| FLEEEEING.
  3020 | D:4      | 3020 ||| FLEEEEING.
  3021 | D:4      | 3021 ||| FLEEEEING.
  3022 | D:4      | 3022 ||| FLEEEEING.
  3023 | D:4      | 3023 ||| FLEEEEING.
  3025 | D:4      | 3025 ||| FLEEEEING.
  3026 | D:4      | 3026 ||| FLEEEEING.
  3027 | D:4      | 3027 ||| STAIRDANCE
  3064 | D:3      | 3064 ||| UPGRADING to +0 pair of boots.
  3069 | D:3      | 3069 ||| DRINKING 2 blue potions.
  3079 | D:4      | Reached skill level 5 in Axes
  3170 | D:4      | HP: 8/32 [orc priest/nerve-wracking pain (3)]
  3174 | D:4      | 3174 ||| DRINKING potion of curing.
  3174 | D:4      | 3174 ||| (to cure confusion)
  3318 | D:4      | Reached XP level 6. HP: 38/38 MP: 6/6
  3329 | D:4      | Slain by a gnoll

Levels and vault maps discovered:
D:1:      spicycebolla_arrival_ecumenical, layout_basic
D:2:      layout_rooms
D:3:      layout_rooms, mainiacjoe_overflow_alcove_2, uniq_jessica
D:4:      layout_gridville, kennysheep_flooded_box, lightli_minifort

Skill      XL: |  1  2  3  4  5 |
---------------+----------------+-----
Axes           | 2 3 4 5 |  5.0
Fighting       | 4 |  4.1
Armour         | |  3.2
Shields        | |  3.2

Action                     |  1- 3 |  4- 6 || total
---------------------------+-------+-------++-------
  Melee: War axe           |   127 |    93 ||   220
    Use: Scroll            |     7 |     2 ||     9
         Potion            |       |     2 ||     2
 Armour: Scale mail        |    58 |    66 ||   124
  Dodge: Dodged            |    52 |    54 ||   106
  Block: Buckler           |    22 |    19 ||    41

Table legend:
 A = Non-vault XP
 B = Vault XP
 C = Vault XP percentage of total XP
 D = Non-vault monster count
 E = Vault monster count
 F = Vault count percentage of total count
                 A         B        C        D         E       F
            +---------+---------+-------+---------+---------+-------
      Total |     282 |      51 |  15.3 |      67 |       2 |   2.9
            +---------+---------+-------+---------+---------+-------
        D:1 |      41 |       0 |   0.0 |      28 |       0 |   0.0
        D:2 |      35 |       0 |   0.0 |      14 |       0 |   0.0
        D:3 |      58 |      37 |  38.9 |      17 |       1 |   5.6
        D:4 |     148 |      14 |   8.6 |       8 |       1 |  11.1
            +---------+---------+-------+---------+---------+-------
